 Dungeon Crawl Stone Soup version 0.21-a0-404-g291f19a (webtiles) character file.

114 IceWhale the Chopper (level 4, -2/35 HPs)
             Began as a Demonspawn Berserker on Oct 29, 2017.
             Was a Believer of Trog.
             Slain by a gnoll
             ... wielding a +0 flail
              (5 damage)
             ... on level 3 of the Dungeon.
             The game lasted 00:14:09 (1932 turns).

IceWhale the Chopper (Demonspawn Berserker)         Turns: 1932, Time: 00:14:09

Health: -2/35      AC:  7    Str: 18    XL:     4   Next: 66%
Magic:  4/4        EV: 11    Int:  9    God:    Trog [**....]
Gold:   95         SH:  0    Dex: 12    Spells: 3/3 levels left

rFire    . . .     SeeInvis .   a - +0 hand axe
rCold    . . .     Gourm    .   (no shield)
rNeg     . . .     Faith    .   g - +1 ring mail {rPois}
rPois    +         Spirit   .   (helmet restricted)
rElec    .         Reflect  .   (no cloak)
rCorr    .         Harm     .   (no gloves)
MR       .....                  r - +0 pair of boots
Stlth    +.........             (no amulet)
HPRegen  0.11/turn              (no ring)
MPRegen  0.09/turn              (no ring)

@: berserk cooldown
A: horns 1, powered by death 1, rot immunity
a: Berserk, Trog's Hand, Burn Spellbooks, Renounce Religion


You were on level 3 of the Dungeon.
You worshipped Trog.
Trog was pleased with you.
You were not hungry.

You visited 1 branch of the dungeon, and saw 3 of its levels.

You collected 95 gold pieces.

Inventory:

Hand Weapons
 a - a +0 hand axe (weapon)
Armour
 b - a +0 animal skin
 g - a +1 ring mail of poison resistance (worn)
 i - a +0 ring mail
 k - a +0 leather armour
 m - a +0 ring mail
 n - a cursed +0 ring mail
 r - a +0 pair of boots (worn)
 t - a +0 scale mail
Scrolls
 d - a scroll of remove curse {unknown}
 e - 4 scrolls of identify {unknown}
 f - a scroll of blinking {unknown}
 l - a scroll of teleportation {unknown}
 q - a scroll of magic mapping {unknown}
Potions
 h - 2 potions of haste {unknown}
 o - a potion of degeneration {unknown}
 p - a potion of brilliance {unknown}
 s - a potion of magic {unknown}
 u - a potion of experience {unknown}
Comestibles
 c - 2 bread rations
 j - 4 chunks of flesh


   Skills:
 + Level 3.4 Fighting
 * Level 4.2 Axes
 + Level 2.4 Armour
 + Level 2.0 Dodging
 + Level 0.1 Stealth


You had 3 spell levels left.
You didn't know any spells.

Dungeon Overview and Level Annotations

Branches:
Dungeon (3/15)

Altars:
Qazlal
Sif Muna

Annotations:
D:3 Monsterracer's ghost, amateur GnAM


Innate Abilities, Weirdness & Mutations

You have a pair of small horns on your head.
You regenerate a little health from kills.
You are immune to rotting.


Message History

Monsterracer's ghost (amateur Gnoll Arcane Marksman) comes into view.
The gnoll hits you but does no damage. The gnoll barely misses you.
The gnoll completely misses you. The gnoll hits you with a flail.
The gnoll hits you.
You hit the gnoll.
The gnoll is moderately wounded.
You hit the gnoll but do no damage. The gnoll closely misses you.
The gnoll hits you with a flail!
* * * LOW HITPOINT WARNING * * *
The gnoll barely misses you. The gnoll hits you but does no damage.
You hit the gnoll.
The gnoll is heavily wounded.
You barely miss the gnoll.
You feel yourself speed up. The gnoll hits you but does no damage.
The gnoll hits you with a flail.
* * * LOW HITPOINT WARNING * * *
The gnoll hits you but does no damage. The gnoll hits you.
* * * LOW HITPOINT WARNING * * *
The gnoll hits you with a flail.
You die...

####### #.....#
#.....# # #.....#
#. #.....# .#
#.....# # .
###.### .#.
#######.### #.##
#@g.......# #..##
#g#####.#.###.#.#.
#...ogg#
#.....)..).#
#.#.##.#
###.###.#.## # #W#
#......... o.#
####.##... #.#
######.##..# #.#
#..........# ..#
##.####.###.#


You could see Monsterracer's ghost, 3 gnolls, an orc and a goblin.

Vanquished Creatures
  A hound (D:2)
  Terence (D:3)
  Robin (D:3)
  An adder (D:2)
  A leopard gecko (D:1)
  4 giant cockroaches
  8 goblins
  4 hobgoblins (D:3)
  4 jackals (D:1)
  2 ball pythons (D:1)
  A bat (D:2)
  A frilled lizard (D:1)
  4 kobolds
  5 rats
38 creatures vanquished.

Notes
Turn   | Place    | Note
-------+----------+-------------------------------------------
     0 | D:1      | IceWhale the Demonspawn Berserker began the quest for the Orb.
     0 | D:1      | Reached XP level 1. HP: 18/18 MP: 1/1
   498 | D:1      | Reached skill level 3 in Axes
   720 | D:1      | Gained mutation: You have a pair of small horns on your head. [demonic ancestry]
   720 | D:1      | Reached XP level 2. HP: 19/24 MP: 2/2
   966 | D:1      | You fall through a shaft!
  1303 | D:2      | Found a stormy altar of Qazlal.
  1377 | D:2      | Found a deep blue altar of Sif Muna.
  1542 | D:3      | Noticed Robin
  1545 | D:3      | Gained mutation: You regenerate a little health from kills. [demonic ancestry]
  1545 | D:3      | Reached XP level 3. HP: 29/29 MP: 3/3
  1562 | D:2      | Reached ** piety under Trog
  1572 | D:2      | Gained mutation: You are immune to rotting. [demonic ancestry]
  1572 | D:2      | Reached XP level 4. HP: 14/35 MP: 4/4
  1718 | D:3      | Killed Robin
  1718 | D:3      | Reached skill level 4 in Axes
  1764 | D:3      | Noticed Terence
  1773 | D:3      | Killed Terence
  1930 | D:3      | Noticed Monsterracer's ghost (amateur GnAM)
  1932 | D:3      | Slain by a gnoll

Vault maps used:
D:1:      minmay_arrival_three_doors, columned_hall_lemuel
D:2:      lemuel_blue_sif_altar, lemuel_round_altar, minmay_crystal_water,
          hex_medium
D:3:      marbit_many_paths, first_bread, uniq_robin, uniq_terence

Skill      XL: |  1  2  3  4 |
---------------+-------------+-----
Axes           | 3 4 |  4.2
Armour         | 2 |  2.4
Dodging        | 2 |  2.0
Fighting       | |  3.4
Stealth        | |  0.1

Action                   |  1- 3 |  4- 6 || total
-------------------------+-------+-------++-------
Melee: Hand axe          |    71 |    24 ||    95
       Headbutt          |     9 |     2 ||    11
Invok: Berserk           |     7 |     3 ||    10
       Trog's Hand       |     1 |       ||     1
  Eat: Royal jelly       |     1 |       ||     1
       Meat ration       |     1 |       ||     1
       Bread ration      |     1 |       ||     1
       Chunk             |       |     1 ||     1
Armor: Ring mail         |    46 |    14 ||    60
       Animal skin       |     4 |       ||     4
Dodge: Dodged            |    66 |    22 ||    88

Table legend:
 A = Spawn XP
 B = Non-spawn XP
 C = Spawn XP percentage of total XP
 D = Spawn monster count
 E = Non-spawn monster count
 F = Spawn count percentage of total count
 G = Total turns spent on level
                    A         B        C        D         E        F      G
               +---------+---------+-------+---------+---------+-------+---------
         Total |       0 |     163 |   0.0 |       0 |      38 |   0.0 |  1932
               +---------+---------+-------+---------+---------+-------+---------
           D:1 |       0 |      20 |   0.0 |       0 |      13 |   0.0 |   966
           D:2 |       0 |      62 |   0.0 |       0 |       7 |   0.0 |   725
           D:3 |       0 |      81 |   0.0 |       0 |      18 |   0.0 |   241
               +---------+---------+-------+---------+---------+-------+---------
